AoeStats
← sensticks

Nomad

509999627Analyzed
2v2 RM · 4d ago on Sep 29, 2026· 35m 20s· 4 players
Game mode
Random Map
Map size
176×176
Population
200
Speed
Normal
Resources
Standard
Victory
Conquest
Starting age
Dark Age
Ending age
Imperial Age
RankedLock teamsTeams togetherTeam positionsShared explorationLock speedFull tech treeHidden civsTurbo modeCheats
Victory
Defeat
🇨🇦 Celts · Canada
832
+14
🇦🇷 Khmer · Argentina
800
+16
🇺🇸 Koreans · United States
803
-15
🇺🇸 Tupi · United States
784
-15
emuguchin [GME HODLER]
7:57 Loom
13:45 Feudal Age
25:04 Castle Age
23:00 Stone Mining
32:37 Double-Bit Axe
32:43 Town Watch
unamingname
7:32 Loom
16:21 Feudal Age
23:13 Castle Age
30:29 Murder Holes
sensticks
4:02 Loom
13:49 Feudal Age
17:26 Fishing Lines
20:50 Castle Age
19:15 Stone Mining
20:03 Gold Mining
22:10 Double-Bit Axe
23:00 Scale Barding Armor
23:05 Forging
23:37 Gillnets
26:56 Arson
31:24 Imperial Age
30:48 Stronghold
31:14 Bow Saw
31:14 Fletching
35:02 Cavalier
santy_santi
15:23 Loom
17:09 Feudal Age
21:45 Castle Age
22:04 Town Watch
22:54 Wheelbarrow
23:10 Bloodlines
23:34 Husbandry
23:00 Light Cavalry
23:40 Double-Bit Axe
24:20 Horse Collar
30:21 Gold Mining
30:21 Stone Mining
33:26 Hand Cart
33:56 Stone Shaft Mining
33:56 Gold Shaft Mining
Connection lost

Rejoining the realm…

Still unreachable

The connection could not be restored.

Session expired

The server has moved on; the page needs a fresh start.